Sam, lawful female human Valkyrie -------- |......|################ |......| ------ ## ------- |...<..+######|....|###` ####......| +......| #|....|#### ###|.....| @# |.......# #|.....#### ####|.....| i |......|# #----.-# # # #......| # --------# #####################---+--- # # ### ########## # # # ## # ### # ### # # # ## ## ### ###### ## #----.----- --.-|---# #|........| |......|# #.........+ |......|# |........| |.[....+# ---------- -------- Sam the Skirmisher Experience level: 5 Strength: 18/02 Dexterity: 11 Constitution: 17 Intelligence: 8 Wisdom: 9 Charisma: 10 Health: 0(52) Energy: 12(12) Def: 5 Gold: 209 Moves: 1907 Dungeon seed: ZTIpkXv4a8-M_Ira Game ID: Sam_1584493516 Your Inventory: Coins $ - 209 gold pieces Weapons a - a +1 long sword (weapon in hand) b - a +0 dagger g - 5 +0 darts m - a +1 orcish dagger q - a cursed -3 spear s - a +2 scimitar Armor e - an uncursed +3 small shield (being worn) n - an uncursed +0 orcish helm (being worn) Comestibles r - 2 uncursed food rations w - an uncursed tripe ration Scrolls E - a blessed scroll of light Spellbooks f - an uncursed spellbook of cause fear Potions i - an uncursed potion of restore ability p - an uncursed potion of enlightenment t - an uncursed potion of see invisible u - an uncursed potion of fruit juice Rings v - a cursed ring of teleportation Gems y - 2 cursed worthless pieces of white glass z - 9 uncursed rocks Spells and supernatural/magical abilities: Name Level Category Fail Memory W - pray for help -- divine ? -- Your skills at the end: Fighting Skills Weapon Skills dagger [Basic] long sword [Basic] Spellcasting Skills Final Attributes: You were piously aligned. You were cold resistant. You were stealthy. You are dead. Vanquished creatures: a rock piercer 2 kobold mummies a black naga hatchling a guardian naga hatchling a little dog a kobold lord 10 hill orcs a rothe a large kobold a hobgoblin 2 giant rats a cave spider a brown mold 3 foxes a kobold 2 goblins 2 sewer rats 4 grid bugs 2 lichens 3 kobold zombies 4 newts 45 creatures vanquished. Voluntary challenges: You were vegetarian. You used a wielded weapon 54 times, starting on turn 182. You read items or engraved 7 times, starting on turn 1064. You never genocided any monsters. You never polymorphed an object. You never changed form. You used no wishes. You never split a pudding. You never wrote Elbereth's name. You never violated your personal moral code. Dungeon overview: The Dungeons of Doom: levels 1 to 9 Level 1 a fountain a long staircase Level 2 Level 3 an altar to Odin, a fountain Level 4 Level 5 a fountain Level 6 Level 7 Level 8 many fountains Level 9 <- You were here History has recorded: On T:1 you entered the Dungeons of Doom to retrieve the Amulet of Yendor! On T:216 you reached level 2 of The Dungeons of Doom. On T:439 you reached level 3 of The Dungeons of Doom. On T:525 you advanced to experience level 2. On T:878 you reached level 4 of The Dungeons of Doom. On T:978 you advanced to experience level 3. On T:992 you reached level 5 of The Dungeons of Doom. On T:1010 you advanced to experience level 4. On T:1148 you reached level 6 of The Dungeons of Doom. On T:1205 you advanced to experience level 5. On T:1455 you reached level 7 of The Dungeons of Doom. On T:1476 you reached level 8 of The Dungeons of Doom. On T:1703 you reached level 9 of The Dungeons of Doom. Score breakdown: Gold: 209 ( 7899 points) Experience: 5 levels (11141 points) Exploration: 9 levels ( 18.75%) (12377 points) Discoveries: 3 items ( 1.22%) ( 3312 points) Valuables value: (no points given unless you survive) Artifact value: 0 ( 0 points) Variety of kills: 21 monsters ( 5.51%) ( 7043 points) Turncount: 1907 turns ( 0 points) Survival: died (score multiplied by 80%) Total score: 33417 Latest messages: The quasit hits! (2x) The quasit's sting was poisoned! The quasit bites! The quasit hits! (2x) The quasit just misses! The quasit hits! (2x) The quasit bites! The quasit just misses! The quasit hits! The quasit bites! You miss the quasit. The quasit hits! (2x) The quasit bites! You hit the quasit! The quasit hits! (2x) The quasit bites! You miss the quasit. The quasit hits! (2x) The quasit bites! The quasit hits! The quasit's sting was poisoned! You die... Final status: Farvel Sam the Valkyrie, poisoned by a quasit... You died in The Dungeons of Doom on dungeon level 9 with 33417 points, and 209 pieces of gold, after 1907 moves. You were level 5 with a maximum of 52 hit points when you died.